 Dungeon Crawl Stone Soup version 0.31-a0-744-gbc345e7fcb (webtiles) character file.

Game seed: 17444558006083163329

16354 pokeman the Eclecticist (level 12, 0/66 HPs)
             Began as a Deep Elf Hedge Wizard on Sept 13, 2023.
             Was a Follower of Vehumet.
             Hit by a large rock thrown by a cyclops (34 damage)
             ... on level 12 of the Dungeon.
             The game lasted 00:31:18 (15403 turns).

pokeman the Eclecticist (Deep Elf Hedge Wizard)    Turns: 15403, Time: 00:31:19

Health: 0/66       AC: 13    Str:  7    XL:     12   Next: 9%
Magic:  17/34      EV: 14    Int: 25    God:    Vehumet [*.....]
Gold:   648        SH:  0    Dex: 26    Spells: 16/44 levels left

rFire   . . .        (no weapon)
rCold   . . .        (no shield)
rNeg    . . .        P - +2 steam dragon scales
rPois   .            e - +0 helmet
rElec   .            R - +0 cloak
rCorr   .            m - +0 pair of gloves
SInv    +            T - +1 pair of boots
Will    +....        C - amulet of regeneration
Stlth   +++          w - +6 ring of dexterity
HPRegen 1.11/turn    g - ring of Icveqiv {Dex+6 SInv}
MPRegen 0.24/turn

%: no passive effects
@: no status effects
A: no striking features
a: Renounce Religion


You were on level 12 of the Dungeon.
You worshipped Vehumet.
Vehumet was aware of your devotion.
You visited 2 branches of the dungeon, and saw 13 of its levels.

You collected 733 gold pieces.
You spent 85 gold pieces at shops.

Inventory:

Hand Weapons
 D - a +2 rapier of venom
 K - a +1 dagger of chaos
Missiles
 b - 3 throwing nets
Armour
 e - a +0 helmet (worn)
 m - a +0 pair of gloves (worn)
 n - an orb of energy
 P - +2 steam dragon scales (worn)
 Q - a +1 ring mail of cold resistance
 R - a +0 cloak (worn)
 T - a +1 pair of boots (worn)
Magical Staves
 O - a staff of fire
Jewellery
 g - the ring of Icveqiv (right hand) {Dex+6 SInv}
   (You found it on level 11 of the Dungeon)

   [ring of dexterity]

   Dex+6:     It affects your dexterity (+6).
   SInv:      It lets you see invisible.
 w - a +6 ring of dexterity (left hand)
 C - an amulet of regeneration (around neck)
 H - an amulet of faith
Wands
 E - a wand of acid (6)
 I - a wand of polymorph (14)
 L - a wand of roots (14)
 S - a wand of paralysis (3)
 U - a wand of digging (2)
Scrolls
 a - a scroll of brand weapon
 c - 3 scrolls of amnesia
 h - 2 scrolls of vulnerability
 i - 2 scrolls of poison
 l - 4 scrolls of revelation
 p - 2 scrolls of enchant weapon
 s - 8 scrolls of noise
 x - a scroll of fear
 y - 4 scrolls of teleportation
 G - 2 scrolls of immolation
 M - 2 scrolls of enchant armour
 N - 2 scrolls of blinking {unknown}
Potions
 d - a potion of magic
 f - a potion of cancellation {unknown}
 j - a potion of brilliance {unknown}
 k - a potion of ambrosia {unknown}
 o - 4 potions of heal wounds
 q - 9 potions of curing
 r - 5 potions of lignification {unknown}
 t - 3 potions of haste {unknown}
 u - 3 potions of mutation {unknown}
 v - 4 potions of degeneration {unknown}
 z - a potion of might {unknown}
 A - 2 potions of invisibility {unknown}
 B - 3 potions of resistance {unknown}
 F - a potion of enlightenment {unknown}
Miscellaneous
 J - a lightning rod (4/4)


   Skills:
 - Level 4.0 Fighting
 - Level 4.2 Armour
 - Level 3.0 Dodging
 - Level 3.0 Stealth
 + Level 3.9 Shields
 * Level 16.6 Spellcasting
 + Level 9.8 Conjurations
 - Level 1.1 Summonings
 - Level 1.1 Translocations
 + Level 7.6 Fire Magic
 - Level 1.0 Air Magic
 - Level 5.0 Earth Magic
 - Level 1.1 Poison Magic
 - Level 1.0 Evocations


You had 16 spell levels left.
You knew the following spells:

 Your Spells              Type           Power      Damage    Failure   Level
a - Magic Dart            Conj           100%       1d8       1%          1
b - Mephitic Cloud        Conj/Pois/Air  40%        N/A       1%          3
c - Call Imp              Summ           52%        N/A       2%          2
d - Blink                 Tloc           52%        N/A       2%          2
e - Stone Arrow           Conj/Erth      100%       3d13      1%          3
f - Fireball              Conj/Fire      29%        3d13      1%          5
g - Iskenderun's Battles  Conj           63%        2d11      1%          5
h - Orb of Destruction    Conj           31%        9d10      36%         7

Your spell library contained the following spells:

 Spells                   Type           Power      Damage    Failure   Level
 Shock                    Conj/Air       100%       1d9       1%          1
 Kiss of Death            Conj/Necr      100%       2d13      1%          1
 Sandblast                Erth           92%        2d19      1%          1
 Momentum Strike          Conj/Tloc      96%        3d10      1%          2
 Passwall                 Tmut/Erth      27%        N/A       1%          2
 Slow                     Hex            80%        N/A       2%          1
 Cigotuvi's Dreadful Rot  Necr/Pois/Air  48%        N/A       2%          2
 Lesser Beckoning         Tloc           52%        N/A       2%          2
 Ensorcelled Hibernation  Hex/Ice        40%        N/A       3%          2
 Jinxbite                 Hex            40%        N/A       3%          2
 Confusing Touch          Hex            20%        N/A       8%          3
 Anguish                  Hex/Necr       10%        N/A       26%         4
 Dispel Undead            Necr           20%        3d11      26%         4
 Conjure Ball Lightning   Conj/Air       24%        3x3d7     38%         6


Dungeon Overview and Level Annotations

Branches:
Dungeon (12/15)            Temple (1/1) D:6            Lair (0/5) D:9
    Orc (0/2) D:9

Altars:
Ashenzari
Cheibriados
Dithmenos
Elyvilon
Fedhas
Gozag
Hepliaklqana
Kikubaaqudgha
Makhleb
Nemelex Xobeh
Okawaru
Qazlal
Ru
Sif Muna
Trog
Uskayaw
Vehumet
Wu Jian
Xom
Yredelemnul
Zin
The Shining One

Shops:
D:3 ![!   D:8 [

Portals:
Trove: D:11 (give 6 scrolls of fear)

Annotations:
D:6 , Angel behind rock
D:8 2 transporters, exclusion: oklob plant, particleface's ghost, novice OpAr


Message History

There is an open door here.
You open the door.
There is an open door here.
There is an open door here.
There is an open door here.
The cyclops shouts!
The cyclops throws a large rock.
The large rock hits you!!
Casting: Stone Arrow (safe; 1% risk of failure)
Confirm with . or Enter, or press ? or * to list all spells.
Aiming: Mephitic Cloud (safe; 1% risk of failure)
Press: ? - help, Shift-Dir - straight line The ball explodes into a vile cloud!
The stinking cloud engulfs the cyclops but does no damage.
Unknown command.
Unknown command.
The cyclops throws a large rock.
The large rock hits you!
Casting: Mephitic Cloud (safe; 1% risk of failure)
Confirm with . or Enter, or press ? or * to list all spells.
Aiming: Fireball (dangerous; 1% risk of failure)
Press: ? - help, Shift-Dir - straight line The fireball explodes!
The fireball engulfs the cyclops!!
The cyclops is heavily wounded.
Unknown command.
Casting: Fireball (dangerous; 1% risk of failure)
Confirm with . or Enter, or press ? or * to list all spells.
Aiming: Fireball (dangerous; 1% risk of failure)
Press: ? - help, Shift-Dir - straight line The fireball explodes!
The fireball engulfs the cyclops!
The cyclops is severely wounded.
Unknown command.
Casting: Fireball (dangerous; 1% risk of failure)
Confirm with . or Enter, or press ? or * to list all spells.
Aiming: Fireball (dangerous; 1% risk of failure)
Press: ? - help, Shift-Dir - straight line The fireball explodes!
The fireball engulfs the cyclops!
The cyclops is almost dead.
The cyclops is engulfed in noxious fumes.
The cyclops throws a large rock.
The large rock hits you!!
Ouch! That really hurt!
You die...

......#..##..........######
#. ......'.###..........#
## [.....### ########'### #
#'##### #.# # ..# #.# #
###### ##########'## #
.....# #...........######
.....# '.°.........'....#
###### .....#
#..C....@...####.###.....
.....#. #...........#
#...'..... .....'.
#...........# #####.....
.....## #...........#
#..... .....# #.......[...#
#..... ###### #...........#
#..... ##########'## ####'#
### ###.# ##....# ..# #...#
#..####


You could see a cyclops.

Vanquished Creatures
  Nessos (D:12)
  Erolcha (D:12)
  4 two-headed ogres
  A boulder beetle (D:11)
  Pikel (D:9)
  An ugly thing (D:12)
  A manticore (D:10)
  2 cyclopes
  Maggie (D:10)
  A gargoyle (D:11)
  Psyche (D:8)
  A kobold demonologist (D:10)
  4 trolls
  2 hornets
  A shadow (D:10)
  5 yaks
  A vampire (D:12)
  3 wyverns
  2 steam dragons (D:7)
  A basilisk (D:12)
  10 two-headed ogre zombies (D:10)
  An acid dragon (D:9)
  4 water moccasins
  4 orc warriors
  3 black bears
  2 sky beasts
  2 ogres (D:5)
  9 centaurs
  3 lemures (D:9)
  2 kobold brigands (D:10)
  6 bullfrogs
  2 gnoll sergeants
  7 scorpions
  6 wights (D:10)
  2 killer bees (D:6)
  3 howler monkeys
  2 hounds
  3 orc priests
  A gnoll bouda (D:4)
  Natasha (thrice) (D:4)
  11 orc wizards
  An ogre zombie (D:10)
  9 gnolls
  11 adders
  A shadow imp (D:7)
  A white imp (D:7)
  3 ufetubi (D:5)
  A worm (D:2)
  11 dart slugs
  38 orcs
  5 ball pythons
  6 endoplasms
  4 giant cockroaches
  7 goblins
  8 hobgoblins
  8 jackals
  2 quokkas (D:3)
  9 bats
  3 frilled lizards
  12 kobolds
  3 rats
  2 butterflies (D:6)
266 creatures vanquished.

Vanquished Creatures (collateral kills)
  A killer bee (D:6)
1 creature vanquished.

Vanquished Creatures (others)
  3 orcs
3 creatures vanquished.

Grand Total: 270 creatures vanquished

Notes
Turn   | Place    | Note
-------+----------+-------------------------------------------
     0 | D:1      | pokeman the Deep Elf Hedge Wizard began the quest for the
                  | Orb.
     0 | D:1      | Reached XP level 1. HP: 10/10 MP: 7/7
   329 | D:1      | Reached XP level 2. HP: 13/15 MP: 1/9
   999 | D:1      | Reached skill level 5 in Spellcasting
  1133 | D:1      | Reached XP level 3. HP: 20/20 MP: 9/11
  1137 | D:1      | Learned a level 3 spell: Mephitic Cloud
  1140 | D:1      | Learned a level 2 spell: Call Imp
  1143 | D:1      | Learned a level 2 spell: Blink
  1400 | D:2      | Reached skill level 1 in Fighting
  1625 | D:2      | Reached skill level 1 in Armour
  1994 | D:2      | Found a faded altar of an unknown god.
  2181 | D:2      | Reached XP level 4. HP: 25/25 MP: 7/13
  2791 | D:3      | Found Muesh's Distillery.
  2860 | D:3      | Bought a potion of heal wounds for 55 gold pieces
  2886 | D:3      | Found Enguevim's Armour Shop.
  3042 | D:3      | Reached skill level 6 in Spellcasting
  3082 | D:3      | Found Jefoin's Distillery.
  3100 | D:3      | Reached XP level 5. HP: 28/29 MP: 7/15
  3156 | D:3      | Bought a potion of curing for 30 gold pieces
  3230 | D:3      | Found an ornate altar of the Wu Jian Council.
  3233 | D:3      | Found a stormy altar of Qazlal.
  3613 | D:4      | Reached skill level 1 in Air Magic
  3613 | D:4      | Reached skill level 1 in Poison Magic
  3666 | D:4      | Learned a level 3 spell: Stone Arrow
  3859 | D:4      | Noticed Natasha
  3871 | D:4      | Killed Natasha
  3872 | D:4      | Reached XP level 6. HP: 24/34 MP: 4/17
  3937 | D:4      | Noticed Natasha
  3950 | D:4      | Killed Natasha
  3951 | D:4      | Reached skill level 1 in Earth Magic
  4103 | D:4      | Reached skill level 7 in Spellcasting
  4258 | D:4      | Noticed Natasha
  4265 | D:4      | Killed Natasha
  4323 | D:4      | Found a white marble altar of Elyvilon.
  4325 | D:4      | Found a hazy altar of Hepliaklqana.
  4328 | D:4      | Found an opulent altar of Gozag.
  4415 | D:5      | Entered Level 5 of the Dungeon
  4678 | D:5      | Reached XP level 7. HP: 14/39 MP: 10/20
  5117 | D:5      | Reached skill level 8 in Spellcasting
  5122 | D:5      | Upgraded the game from 0.31-a0-743-g45f7035092 to
                  | 0.31-a0-744-gbc345e7fcb
  6231 | D:6      | Reached skill level 9 in Spellcasting
  6231 | D:6      | Reached XP level 8. HP: 44/44 MP: 16/23
  6528 | D:6      | Found a staircase to the Ecumenical Temple.
  6535 | Temple   | Entered the Ecumenical Temple
  6832 | D:6      | Reached skill level 5 in Conjurations
  6865 | D:6      | Found a runed translucent door.
  6867 | D:6      | Found a runed translucent door.
  7336 | D:6      | Found a glowing silver altar of Zin.
  7336 | D:6      | Noticed an angel
  7404 | D:6      | Reached skill level 10 in Spellcasting
  7754 | D:7      | Reached XP level 9. HP: 19/48 MP: 15/25
  7884 | D:7      | Reached skill level 5 in Earth Magic
  8155 | D:7      | Reached skill level 11 in Spellcasting
  8240 | D:7      | Learned a level 5 spell: Fireball
  8246 | D:7      | Learned a level 5 spell: Iskenderun's Battlesphere
  8254 | D:7      | Learned a level 7 spell: Orb of Destruction
  8359 | D:8      | Noticed particleface's ghost (novice OpAr)
  8502 | D:8      | Found a broken altar of Ashenzari.
  8529 | D:8      | Found a blossoming altar of Fedhas.
  8584 | D:8      | Reached skill level 1 in Fire Magic
  8735 | D:8      | Found a transporter.
  8739 | D:8      | Noticed an efreet
  8741 | D:8      | Noticed Psyche
  8743 | D:8      | Noticed an oklob plant
  8751 | D:8      | Killed Psyche
  8758 | D:8      | Found a transporter.
  8766 | D:8      | Noticed a death knight
  8974 | D:8      | Found Pimoxzenibb's Antique Armour Shop.
  8992 | D:8      | Reached skill level 12 in Spellcasting
  9513 | D:9      | Reached skill level 1 in Evocations
  9656 | D:9      | Reached XP level 10. HP: 54/54 MP: 8/28
  9839 | D:9      | Found a staircase to the Lair.
  9903 | D:9      | Found a staircase to the Orcish Mines.
 10315 | D:9      | Found a glowing golden altar of the Shining One.
 10316 | D:9      | Noticed Pikel
 10336 | D:9      | Killed Pikel
 10337 | D:9      | Reached skill level 13 in Spellcasting
 10363 | D:9      | Found an iron altar of Okawaru.
 10367 | D:9      | Found a sparkling altar of Nemelex Xobeh.
 10695 | D:10     | Entered Level 10 of the Dungeon
 11616 | D:10     | Reached skill level 5 in Fire Magic
 11627 | D:10     | Reached skill level 14 in Spellcasting
 11931 | D:10     | Found a radiant altar of Vehumet.
 11937 | D:10     | Became a worshipper of Vehumet
 12212 | D:10     | Noticed Maggie
 12221 | D:10     | Killed Maggie
 12222 | D:10     | Reached skill level 1 in Shields
 12222 | D:10     | Reached XP level 11. HP: 61/61 MP: 2/31
 12487 | D:10     | Noticed a two-headed ogre
 12520 | D:10     | Killed a two-headed ogre
 12653 | D:10     | Reached skill level 15 in Spellcasting
 13071 | D:11     | Noticed a two-headed ogre
 13074 | D:11     | Killed a two-headed ogre
 13169 | D:11     | Noticed a boulder beetle
 13175 | D:11     | Killed a boulder beetle
 13345 | D:11     | Noticed a two-headed ogre
 13437 | D:11     | Reached * piety under Vehumet
 13437 | D:11     | Offered knowledge of Shock by Vehumet.
 14037 | D:11     | Found a portal to a secret trove of treasure.
 14066 | D:11     | Identified the ring of Icveqiv {Dex+6 SInv}
 14078 | D:11     | Noticed a two-headed ogre
 14091 | D:11     | Killed a two-headed ogre
 14092 | D:11     | Reached skill level 16 in Spellcasting
 14191 | D:11     | Found a transporter.
 14425 | D:11     | Found a transporter.
 14632 | D:12     | Found a shimmering blue altar of Sif Muna.
 14642 | D:12     | Noticed Nessos
 14652 | D:12     | Killed Nessos
 14888 | D:12     | Killed a two-headed ogre
 14889 | D:12     | Noticed a green ugly thing
 14893 | D:12     | Killed a green ugly thing
 14894 | D:12     | Reached XP level 12. HP: 66/66 MP: 4/34
 15040 | D:12     | Noticed Erolcha
 15084 | D:12     | Killed Erolcha
 15403 | D:12     | Hit by a large rock thrown by a cyclops

Illustrated notes

Levels and vault maps discovered:
D:1:      minmay_arrival_cross, layout_basic
D:2:      layout_basic, dilly_ecumenical_altar_fadedgnrine
D:3:      layout_loops_ring, minitemple, serial_shops, nicolae_diamond_shop,
          nicolae_shop_getting_attention, nicolae_square_shop,
          kennysheep_big_empty_room
D:4:      layout_loops_cross, grunt_temple_overflow_open,
          minmay_misc_feat_pillars, uniq_natasha
D:5:      kennysheep_slugbush, layout_loops_corners, dk_vineyard_1
D:6:      lemuel_insect_pit, layout_basic, zin_angel,
          minmay_temple_entry_junction
D:7:      layout_loops_cross
D:8:      layout_loops_ring, fedhas_ov_isle_minmay, lemuel_doored_altar,
          serial_shops, shop, nzn_ghost_randoct, uniq_psyche
D:9:      layout_rooms, grunt_temple_overflow_diamond,
          due_lair_maze_entry_diamond, orc_0_dummy, serial_aquarium,
          aquarium_bridge_long_separate [aquarium_subvault_bridge,
          aquarium_subvault_bridge, aquarium_subvault_wall,
          aquarium_subvault_bridge, aquarium_subvault_balcony,
          aquarium_subvault_bridge], aquarium_bridge_island_small
          [aquarium_subvault_small_water, aquarium_subvault_wall,
          aquarium_subvault_bridge, aquarium_subvault_window,
          aquarium_subvault_window], aquarium_window_1, aquarium_window_fake,
          aquarium_window_fake, aquarium_view_2c, aquarium_view_2f,
          aquarium_pool_1, hangedman_decor_push, uniq_pikel
D:10:     lemuel_ogre_cave, layout_basic, mainiacjoe_overflow_chevrons,
          minmay_mirror_moons_of_madness, uniq_maggie
D:11:     layout_loops_ring, enter_trove_2, nicolae_diode_stairs
D:12:     layout_roguey, minmay_misc_feat_cross, nicolae_sif_muna_condensation,
          uniq_erolcha, uniq_nessos
Temple:   hellmonk_temple_micro_hex

Skill      XL: |  1  2  3  4  5  6  7  8  9 10 11 |
---------------+----------------------------------+-----
Spellcasting   | 5 6 7 9 10 12 14 16 | 16.6
Fighting       | 1 2 4 |  4.0
Armour         | 1 2 3 4 |  4.2
Conjurations   | 2 3 4 5 7 8 9 |  9.8
Dodging        | 3 |  3.0
Stealth        | 3 |  3.0
Air Magic      | 1 |  1.0
Poison Magic   | 1 |  1.1
Earth Magic    | 1 3 4 5 |  5.0
Fire Magic     | 3 5 7 |  7.6
Evocations     | 1 |  1.0
Shields        | 1 3 |  3.9
Summonings     | |  1.1
Translocations | |  1.1

Action                     |  1- 3 |  4- 6 |  7- 9 | 10-12 || total
---------------------------+-------+-------+-------+-------++-------
  Melee: Dagger            |    20 |       |       |       ||    20
         War axe           |       |    60 |     9 |       ||    69
         Trident           |       |       |     9 |       ||     9
         Punch             |       |       |     1 |     3 ||     4
         Rapier            |       |       |    56 |    77 ||   133
         Staff             |       |       |       |    13 ||    13
   Cast: Magic Dart        |    96 |   124 |    77 |    19 ||   316
         Mephitic Cloud    |       |    12 |    27 |    22 ||    61
         Stone Arrow       |       |       |    64 |    94 ||   158
         Fireball          |       |       |       |    55 ||    55
         Iskenderun's Batt |       |       |       |     3 ||     3
         Blink             |       |       |       |     1 ||     1
    Use: Potion            |       |       |     1 |       ||     1
         Scroll            |       |       |       |    11 ||    11
   Stab: Confused          |       |     9 |     9 |     9 ||    27
         Sleeping          |       |     1 |       |       ||     1
 Armour: Robe              |    20 |    68 |    31 |       ||   119
         Steam dragon scal |       |       |    20 |    81 ||   101
  Dodge: Dodged            |    26 |    88 |    62 |    55 ||   231

Table legend: (Time is in decaauts)
 A = Elapsed time spent in this place.
 B = Non-inter-level travel time spent in this place.
 C = Inter-level travel time spent in this place.
 D = Time resting spent in this place.
 E = Time spent auto-exploring this place.
 F = Levels seen in this place.
 G = Mean time per level.
                   A        B        C        D        E       F      G
               +--------+--------+--------+--------+--------+-----+--------+
         Total |  15474 |  15047 |    427 |    595 |  12489 |  13 | 1190.3 |
       Dungeon |  15472 |  15045 |    427 |    595 |  12489 |  12 | 1289.3 |
        Temple |      1 |      1 |      0 |      0 |      0 |   1 |    1.0 |
               +--------+--------+--------+--------+--------+-----+--------+

Top non-repeatable levels by time:
    D:10: 2338 daAuts
     D:5: 1601 daAuts
    D:11: 1434 daAuts
     D:6: 1383 daAuts
     D:1: 1262 daAuts
     D:3: 1251 daAuts
     D:9: 1236 daAuts
     D:8: 1122 daAuts
     D:2: 1067 daAuts
     D:4: 970 daAuts
    D:12: 946 daAuts
     D:7: 857 daAuts
  Temple: 1 daAuts
